 Dungeon Crawl Stone Soup version 0.29.0-10-g45618ea6d2 (webtiles) character file.

Game seed: 11406492424068733737

88 raistware the Conjurer (level 4, -1/27 HPs)
             Began as an Octopode Conjurer on Sept 1, 2022.
             Slain by a gnoll
             ... wielding a +0 flail
              (8 damage)
             ... on level 4 of the Dungeon.
             The game lasted 00:04:47 (2386 turns).

raistware the Conjurer (Octopode Conjurer)          Turns: 2386, Time: 00:04:48

Health: -1/27      AC:  1    Str:  6    XL:     4   Next: 53%
Magic:  8/10       EV: 13    Int: 22    God:
Gold:   212        SH:  0    Dex: 16    Spells: 6/11 levels left

rFire   . . .      SeeInvis .   (no weapon)
rCold   . . .      Faith    .   (no shield)
rNeg    . . .      Spirit   .   (helmet restricted)
rPois   .          Reflect  .   (no amulet)
rElec   .          Harm     .   d - +6 ring of dexterity
rCorr   .          Rampage  .   (no ring)
Will    .....                   (no ring)
Stlth   +++.......              (no ring)
HPRegen 0.09/turn               (no ring)
MPRegen 0.12/turn               (no ring)
                                (no ring)
                                (no ring)

@: hasted, very quick
A: almost no armour, amphibious, 8 rings, camouflage 1, gelatinous body 1,
(nimble swimmer 1), tentacles
a: no special abilities


You were on level 4 of the Dungeon.
You visited 1 branch of the dungeon, and saw 4 of its levels.

You collected 212 gold pieces.

Inventory:

Missiles
 b - 2 poisoned darts
Armour
 h - a +2 kite shield
Jewellery
 d - a +6 ring of dexterity (left tentacle)
Scrolls
 e - 4 scrolls of identify {unknown}
 g - 2 scrolls of amnesia {unknown}
 i - a scroll of enchant weapon {unknown}
 j - a scroll of butterflies {unknown}
Potions
 a - a potion of magic
 f - a potion of curing {unknown}
 k - a potion of lignification {unknown}


   Skills:
 - Level 2.0 Dodging
 - Level 2.6 Stealth
 + Level 4.0 Spellcasting
 + Level 4.1 Conjurations
 + Level 0.7 Translocations


You had 6 spell levels left.
You knew the following spells:

 Your Spells              Type           Power      Damage    Failure   Level
a - Magic Dart            Conj           88%        1d7       1%          1
b - Iskenderun's Mystic   Conj/Tloc      15%        2d5       38%         4

Your spell library contained the following spells:

 Spells                   Type           Power      Damage    Failure   Level
 Searing Ray              Conj           44%        2d6       3%          2
 Dazzling Flash           Conj/Hex       26%        N/A       14%         3
 Fulminant Prism          Conj/Hex       6%         3d7       43%         4


Dungeon Overview and Level Annotations

Branches:
Dungeon (4/15)
 Temple: D:4-7

Altars:


Innate Abilities, Weirdness & Mutations

You cannot wear most types of armour.
You are amphibious.
You can wear up to eight rings at the same time.
Your skin changes colour to match your surroundings (Stealth+).
Your rubbery body absorbs attacks. (AC +1, EV +1)
((You are camouflaged when in or above water. (Stealth+)))
You have tentacles for arms and can constrict up to eight enemies at once.


Message History

You can't see any susceptible monsters within range! (Use Z to cast anyway.)
You can't see any susceptible monsters within range! (Use Z to cast anyway.)
A rat is nearby!
The magic dart hits the rat.
You kill the rat!
You now have 212 gold pieces (gained 10).
Items here: ))) †.
A gnoll comes into view. It is wielding a +0 flail.
Items here: ))) †.
Press: ? - help, v - describe, . - travel, g - get item
Items here: ))) †.
The floor, spattered with blood.
Your target is gone.
Your target is gone.
The magic dart hits the gnoll but does no damage.
The magic dart hits the gnoll but does no damage.
The magic dart hits the gnoll.
The gnoll is lightly wounded.
The magic dart hits the gnoll but does no damage.
The gnoll is lightly wounded.
The gnoll throws a throwing net.
The throwing net hits you.
You become entangled in the net!
You are held in a net!
Unknown command.
You tear a large gash into the net.
The gnoll hits you with a +0 flail!
You struggle against the net.
The gnoll hits you with a +0 flail!
You shred the net and break free! The gnoll barely misses you.
The gnoll attacks as you move away! The gnoll hits you with a +0 flail.
* * * LOW HITPOINT WARNING * * *
There is a stone staircase leading down here.
You can't go up here!
You climb downwards.
The goblin shouts!
There is a stone staircase leading up here.
Unknown command.
It was a potion of haste.
You feel yourself speed up. The gnoll barely misses you.
Found a stone staircase leading up.
The gnoll hits you with a +0 flail!
You die...

... #.# #.#
#.# # #.#
###.##<##
.........#
.....g.g.#
#.#...#.@#
##............
#..##.........
#.# #.#.######
#. #...# .. .#
## <# .#


You could see a gnoll and a goblin.

Vanquished Creatures
  A gnoll (D:3)
  An adder (D:2)
  2 worms (D:2)
  A dart slug (D:1)
  5 orcs (D:3)
  6 bats
  5 endoplasms
  2 giant cockroaches (D:2)
  5 goblins
  2 hobgoblins (D:1)
  3 jackals (D:1)
  4 quokkas
  2 ball pythons
  3 frilled lizards
  6 kobolds
  7 rats
55 creatures vanquished.

Notes
Turn   | Place    | Note
-------+----------+-------------------------------------------
     0 | D:1      | raistware the Octopode Conjurer began the quest for the
                  | Orb.
     0 | D:1      | Reached XP level 1. HP: 11/11 MP: 3/3
   110 | D:1      | Found a faded altar of an unknown god.
   221 | D:1      | Reached XP level 2. HP: 17/17 MP: 0/5
   780 | D:1      | Reached XP level 3. HP: 21/21 MP: 2/7
  1614 | D:2      | Reached XP level 4. HP: 27/27 MP: 7/9
  1619 | D:2      | Learned a level 4 spell: Iskenderun's Mystic Blast
  1902 | D:2      | Noticed a black bear
  2386 | D:4      | Slain by a gnoll

Illustrated notes

Levels and vault maps discovered:
D:1:      lightli_arrival_boilingwater, layout_basic,
          shapermc_ecumenical_altar_mp_ritualfount, serial_park_tiny_pond
D:2:      layout_rooms, grunt_ministairs_14, chequers_serial_rivers_micro_d,
          lightli_corner_chamber
D:3:      layout_basic, nrook_mini_vaults
D:4:      layout_loops_ring, mainiacjoe_overflow_alcove_2,
          mainiacjoe_overflow_divided_tiny, minmay_temple_entry_fiery,
          minmay_circle_x

Skill      XL: |  1  2  3  4 |
---------------+-------------+-----
Spellcasting   | 3 4 |  4.0
Dodging        | |  2.0
Stealth        | |  2.6
Conjurations   | |  4.1
Translocations | |  0.7

Action                   |  1- 3 |  4- 6 || total
-------------------------+-------+-------++-------
Melee: Unarmed           |    11 |       ||    11
       Constrict         |     4 |       ||     4
       Punch             |     2 |       ||     2
       Tentacles         |     2 |       ||     2
 Cast: Magic Dart        |    75 |    36 ||   111
  Use: Potion            |       |     1 ||     1
Armor: Skin              |     2 |       ||     2
Dodge: Dodged            |     8 |     3 ||    11
